 Dungeon Crawl Stone Soup version 0.27-a0-1196-g3e9cee4cb2 (webtiles) character file.

Game seed: 14037932802661151034

2 Glokmah the Charlatan (level 1, -1/16 HPs)
             Began as a Draconian Artificer on May 29, 2021.
             Slain by a hobgoblin
             ... wielding a +0 whip
              (6 damage)
             ... on level 1 of the Dungeon.
             The game lasted 00:00:28 (71 turns).

Glokmah the Charlatan (Draconian Artificer)           Turns: 71, Time: 00:00:28

Health: -1/16      AC:  4    Str: 14    XL:     1   Next: 33%
Magic:  1/1        EV: 12    Int: 11    God:
Gold:   3          SH:  0    Dex: 11    Spells: 0/0 levels left

rFire    . . .     SeeInvis .   a - +0 club
rCold    . . .     Faith    .   (no shield)
rNeg     . . .     Spirit   .   (armour unavailable)
rPois    .         Reflect  .   (helmet restricted)
rElec    .         Harm     .   (no cloak)
rCorr    .         Rampage  .   (no gloves)
Will     .....                  (no boots)
Stlth    +.........             (no amulet)
HPRegen  0.05/turn              (no ring)
MPRegen  0.07/turn              (no ring)

@: no status effects
A: AC +4, unfitting armour, cold-blooded
a: no special abilities


You were on level 1 of the Dungeon.
You visited 1 branch of the dungeon, and saw 1 of its levels.

You collected 3 gold pieces.

Inventory:

Hand Weapons
 a - a +0 club (weapon)
Wands
 b - a wand of flame (13) (quivered)
 c - a wand of charming (15)
Miscellaneous
 d - a piece from Xom's chessboard (15/15)


   Skills:
 + Level 1.2 Fighting
 - Level 2.1 Dodging
 - Level 0.8 Stealth
 * Level 3.1 Evocations


You couldn't memorise any spells.
You didn't know any spells.
Your spell library was empty.

Dungeon Overview and Level Annotations

Branches:
Dungeon (1/15)

Altars:


Innate Abilities, Weirdness & Mutations

Your plain brown scales are hard. (AC +4)
You cannot fit into any form of body armour.
You are cold-blooded and may be slowed by cold attacks.


Message History

The endoplasm closely misses you. The endoplasm barely misses you.
You hit the endoplasm.
The endoplasm is almost dead.
The endoplasm closely misses you.
You barely miss the endoplasm.
The endoplasm is almost dead.
The endoplasm freezes you.
You are frozen.
You feel yourself slow down.
You hit the endoplasm.
You kill the endoplasm!
You feel yourself speed up.
You now have 3 gold pieces.
HP restored.
A kobold comes into view.
It is wielding a +0 whip of electrocution.
A rat comes into view.
The kobold shouts!
You hear a shout! x2
Aiming: Throw Flame
Press: ? - help, Shift-Dir - straight line, f - kobold
Aim: a kobold, wielding a +0 whip of electrocution (64% to hit)
The puff of flame hits the kobold.
You kill the kobold!
A kobold comes into view. It is wielding a +0 club.
A hobgoblin comes into view. It is wielding a +0 whip.
Found a stone staircase leading down.
You barely miss the rat. The rat bites you.
You hit the rat.
You kill the rat!
The hobgoblin hits you with a +0 whip. The kobold closely misses you.
You barely miss the kobold. The hobgoblin barely misses you.
The kobold closely misses you.
You barely miss the kobold. The hobgoblin hits you with a +0 whip.
The kobold hits you with a +0 club. The hobgoblin barely misses you.
You closely miss the kobold. The kobold closely misses you.
The hobgoblin hits you with a +0 whip. The kobold closely misses you.
Okay, then.
Aiming: Throw Flame
Press: ? - help, Shift-Dir - straight line, f - hobgoblin
Aim: a hobgoblin, wielding a +0 whip (71% to hit)
The puff of flame misses the hobgoblin.
The hobgoblin hits you with a +0 whip.
You die...

#.........#
####.........##
.............>#
####...)......#
........#####.#
..............#
........#######
........####
.......Kg@.#
##########.#
#####.# #.....#
#...#........ ##
###
##...#########
##.###∩###∩...∩##
#∩.....÷........#
#∩............÷∩#


You could see a hobgoblin and a kobold.

Vanquished Creatures
  An endoplasm (D:1)
  A kobold (D:1)
  A rat (D:1)
3 creatures vanquished.

Notes
Turn   | Place    | Note
-------+----------+-------------------------------------------
     0 | D:1      | Glokmah the Draconian Artificer began the quest for the
                  | Orb.
     0 | D:1      | Reached XP level 1. HP: 16/16 MP: 1/1
    71 | D:1      | Slain by a hobgoblin

Illustrated notes

Levels and vault maps discovered:
D:1:      amcnicky_arrival_abandoned_market, layout_basic,
          hellmonk_ecumenical_altar_blasted, chequers_hall_statues_y,
          minmay_pentomino_x2

Action                   || total
-------------------------++-------
Melee: Club              ||     9
Evoke: Wand              ||     2
Dodge: Dodged            ||     9

Table legend: (Time is in decaauts)
 A = Elapsed time spent in this place.
 B = Non-inter-level travel time spent in this place.
 C = Inter-level travel time spent in this place.
 D = Time resting spent in this place.
 E = Time spent auto-exploring this place.
 F = Levels seen in this place.
 G = Mean time per level.
                   A        B        C        D        E       F      G
               +--------+--------+--------+--------+--------+-----+--------+
         Total |     74 |     74 |      0 |      0 |     24 |   1 |   74.0 |
       Dungeon |     74 |     74 |      0 |      0 |     24 |   1 |   74.0 |
               +--------+--------+--------+--------+--------+-----+--------+

Top non-repeatable levels by time:
     D:1: 74 daAuts
